 Dungeon Crawl Stone Soup version 0.31-a0-656-gb4d89c20fa (webtiles) character file.

Game seed: 4109401859275246679

378 Aneyh the Carver (level 6, -15/37 HPs)
             Began as a Tengu Monk on Aug 30, 2023.
             Demolished by Pikel
             ... wielding a +2 whip of electrocution
              (17 damage)
             ... on level 4 of the Dungeon.
             The game lasted 00:06:16 (3716 turns).

Aneyh the Carver (Tengu Monk)                       Turns: 3716, Time: 00:06:17

Health: -15/37     AC:  2    Str: 11    XL:     6   Next: 74%
Magic:  7/7        EV: 17    Int: 11    God:
Gold:   130        SH:  0    Dex: 18    Spells: 3/5 levels left

rFire   . . .        a - +0 long sword
rCold   . . .        (no shield)
rNeg    . . .        u - +0 robe
rPois   .            (helmet restricted)
rElec   .            (no cloak)
rCorr   .            (no gloves)
SInv    .            (boots unavailable)
Will    .....        (no amulet)
Stlth   ++           (no ring)
HPRegen 0.26/turn    (no ring)
MPRegen 0.10/turn

%: no passive effects
@: no status effects
A: beak, talons 3, nimble 1
a: no special abilities


You were on level 4 of the Dungeon.
You visited 1 branch of the dungeon, and saw 4 of its levels.

You collected 130 gold pieces.

Inventory:

Hand Weapons
 a - a +0 long sword (weapon)
 b - a +0 sling of freezing
 c - a +2 hand axe of flaming
 g - a +0 falchion
 i - a +0 spear
Armour
 d - an orb of light
 t - a +0 leather armour
 u - a +0 robe (worn)
Jewellery
 j - an amulet of magic regeneration
 k - a +4 ring of protection
Wands
 q - a wand of polymorph (7)
Scrolls
 e - 2 scrolls of immolation {unknown}
 f - a scroll of revelation {unknown}
 h - a scroll of teleportation {unknown}
 o - a scroll of enchant weapon {unknown}
 p - a scroll of fear {unknown}
 s - a scroll of brand weapon {unknown}
Potions
 l - a potion of invisibility {unknown}
 m - a potion of attraction {unknown}
 n - 2 potions of might
 r - a potion of cancellation {unknown}


   Skills:
 - Level 3.0 Fighting
 + Level 8.1 Long Blades
 - Level 3.2 Dodging


You had 3 spell levels left.
You knew the following spells:

 Your Spells              Type           Power      Damage    Failure   Level
a - Blink                 Tloc           0%         N/A       47%         2

Your spell library contained the following spells:

 Spells                   Type           Power      Damage    Failure   Level
 Inner Flame              Hex/Fire       0%         N/A       71%         3
 Flame Wave               Conj/Fire      0%         2d4       98%         4
 Manifold Assault         Tloc           0%         N/A       98%         4
 Sticky Flame             Conj/Fire      0%         2d3       98%         4


Dungeon Overview and Level Annotations

Branches:
Dungeon (4/15)
 Temple: D:4-7

Altars:
Cheibriados
Ru

Annotations:
D:4 Dowan, Duvessa, Pikel


Innate Abilities, Weirdness & Mutations

You have a beak for a mouth.
You have claws for feet.
Your magical nature helps you evade attacks. (EV +4)


Message History

Pikel, a lemure, an endoplasm and a hobgoblin come into view.
Pikel is wielding a +2 whip of electrocution.
Pikel shouts!
The lemure shouts!
The endoplasm quivers.
The hobgoblin shouts!
The lemure hits you.
The hobgoblin moves out of view.
You hit the lemure. Your kick misses the lemure.
You peck the lemure, but do no damage.
The lemure is lightly wounded.
The lemure hits you. The lemure attacks as it pursues you! The lemure hits you.
Things that are here:
a +0 short sword; 5 stones; 10 gold pieces Pikel enters a dispersal trap!
You blink.
Pikel blinks!
Pikel enters a dispersal trap!
You blink.
Pikel hits you with a +2 whip of electrocution.
You closely miss Pikel. Your kick misses Pikel.
Pikel hits you with a +2 whip of electrocution.
You hit Pikel.
Pikel is lightly wounded.
Pikel hits you with a +2 whip of electrocution!
* * * LOW HITPOINT WARNING * * *
You slash Pikel! Your kick misses Pikel. You peck Pikel, but do no damage.
Pikel is moderately wounded.
Pikel completely misses you.
You slash Pikel!
Pikel is severely wounded.
Pikel hits you with a +2 whip of electrocution.
* * * LOW HITPOINT WARNING * * *
Okay, then.
You hit Pikel. You peck Pikel, but do no damage.
Pikel is severely wounded.
Pikel barely misses you.
You hit Pikel. Your kick misses Pikel.
Pikel is almost dead.
Pikel hits you with a +2 whip of electrocution.
* * * LOW HITPOINT WARNING * * *
You are electrocuted!
You die...
Pikel says, "See you in Hell!"

#.........###K....##.#
#.....#.## #)######.#
#.....#.# #.### #.# #.
#.#.. ..# #.#.# ###
#5#.# #.#.###.#
###K#.....# #. #..@.#
... #.#..########.#
....#.#..#........#
...#.#.....#######
......##.##
.####.#....#
...........#
#####....# #<##.#


You could see Pikel and a lemure.

Vanquished Creatures
  An ogre (D:4)
  A lemure (D:4)
  2 jellies
  An iguana (D:3)
  Natasha (thrice) (D:2)
  Robin (D:2)
  4 adders
  2 ufetubi (D:4)
  A worm (D:2)
  3 dart slugs
  2 orcs (D:3)
  7 ball pythons
  4 bats
  4 endoplasms
  3 giant cockroaches
  18 goblins
  4 hobgoblins
  A quokka (D:2)
  2 frilled lizards
  2 kobolds
  2 rats
68 creatures vanquished.

Vanquished Creatures (others)
  A hobgoblin (D:3)
1 creature vanquished.

Grand Total: 69 creatures vanquished

Notes
Turn   | Place    | Note
-------+----------+-------------------------------------------
     0 | D:1      | Aneyh the Tengu Monk began the quest for the Orb.
     0 | D:1      | Reached XP level 1. HP: 14/14 MP: 2/2
   714 | D:1      | Reached XP level 2. HP: 19/19 MP: 3/3
  1177 | D:2      | Noticed Natasha
  1181 | D:2      | Reached skill level 4 in Long Blades
  1184 | D:2      | Killed Natasha
  1185 | D:2      | Reached XP level 3. HP: 19/23 MP: 4/4
  1226 | D:2      | Found a snail-covered altar of Cheibriados.
  1315 | D:2      | Noticed Natasha
  1343 | D:2      | Reached skill level 5 in Long Blades
  1344 | D:2      | Killed Natasha
  1345 | D:2      | Reached XP level 4. HP: 26/28 MP: 5/5
  1603 | D:2      | Noticed Robin
  1614 | D:2      | Killed Robin
  1713 | D:2      | Noticed Natasha
  1728 | D:2      | Killed Natasha
  1729 | D:2      | Reached skill level 6 in Long Blades
  1729 | D:2      | Reached XP level 5. HP: 31/32 MP: 6/6
  2112 | D:3      | Learned a level 2 spell: Blink
  2786 | D:3      | Found a sacrificial altar of Ru.
  2948 | D:4      | Reached skill level 7 in Long Blades
  2950 | D:4      | Noticed an ogre
  2954 | D:4      | Noticed Duvessa
  2957 | D:4      | Noticed Dowan
  2959 | D:4      | Killed an ogre
  2960 | D:4      | Reached XP level 6. HP: 13/37 MP: 7/7
  3180 | D:4      | HP: 1/37 [acid (9)]
  3188 | D:3      | Reached skill level 8 in Long Blades
  3695 | D:4      | Noticed Pikel
  3716 | D:4      | Demolished by Pikel

Illustrated notes

Levels and vault maps discovered:
D:1:      minmay_arrival_jagged, layout_basic
D:2:      layout_basic, basic_altar, uniq_natasha, uniq_robin
D:3:      layout_loops_ring, mainiacjoe_overflow_tiny_flanked,
          minmay_goblin_outpost
D:4:      layout_basic, uniq_pikel, uniq_duvessa

Skill      XL: |  1  2  3  4  5  6 |
---------------+-------------------+-----
Long Blades    | 4 5 6 7 8 |  8.1
Fighting       | |  3.0
Dodging        | |  3.2

Action                     |  1- 3 |  4- 6 || total
---------------------------+-------+-------++-------
  Melee: Falchion          |     7 |       ||     7
         Long sword        |    24 |   115 ||   139
         Kick              |     6 |    24 ||    30
         Peck              |     4 |    17 ||    21
         Spear             |       |     7 ||     7
  Throw: Throwing net      |       |     1 ||     1
    Use: Potion            |       |     2 ||     2
   Stab: Sleeping          |     3 |     1 ||     4
         Distracted        |       |     1 ||     1
 Armour: Robe              |     4 |    13 ||    17
  Dodge: Dodged            |    18 |   133 ||   151

Table legend: (Time is in decaauts)
 A = Elapsed time spent in this place.
 B = Non-inter-level travel time spent in this place.
 C = Inter-level travel time spent in this place.
 D = Time resting spent in this place.
 E = Time spent auto-exploring this place.
 F = Levels seen in this place.
 G = Mean time per level.
                   A        B        C        D        E       F      G
               +--------+--------+--------+--------+--------+-----+--------+
         Total |   3736 |   3515 |    221 |    570 |   2348 |   4 |  934.0 |
       Dungeon |   3736 |   3515 |    221 |    570 |   2348 |   4 |  934.0 |
               +--------+--------+--------+--------+--------+-----+--------+

Top non-repeatable levels by time:
     D:3: 1376 daAuts
     D:1: 1111 daAuts
     D:2: 982 daAuts
     D:4: 266 daAuts
